Map: Ascension to Aiur LE

Players

Yata - Winner!

  • Race: Zerg Zerg
  • League: Silver
  • Spawn Location: 5:00

A.I. 1 (Medium)

  • Race: Zerg Zerg
  • Spawn Location: 11:00

VOD

Have the link to the VOD?

Description

Time

  • Played on: July 11, 2017, 5:32 p.m.
  • Length: 15:25
Show
View Real Time Build Order
Export as new Build Order

Yata Zerg - Winner!

Build Orders: Hatch First, Muta Ling Bane 

Get SALT Encoding   

  12  0:01  Drone  
  13  0:17  Overlord  
  13  0:29  Drone  
  14  0:35  Drone  
  14  0:36  Drone  
  14  0:40  Drone  
  17  0:57  Drone  
  17  1:00  Hatchery  
  17  1:01  Extractor  
  16  1:05  Drone  
  17  1:14  Drone  
  18  1:25  Spawning Pool  
  18  1:26  Drone  
  18  1:43  Drone  
  18  1:44  Overlord  
  19  1:56  Drone  
  20  2:08  Drone  
  21  2:14  Drone  
  21  2:24  Metabolic Boost  
  21  2:29  Drone x3  
  24  2:38  Baneling Nest  
  24  2:39  Queen x2  
  24  2:43  Zergling x4  
  29  2:51  Drone  
  30  2:52  Overlord  
  30  3:33  Drone x2  
  30  3:34  Drone x4  
  36  3:45  Pneumatized Carapace  
  36  3:47  Queen  
  38  4:01  Drone  
  38  4:02  Hatchery, Drone x4  
  42  4:08  Extractor  
  41  4:46  Drone  
  41  4:47  Drone x2  
  44  4:54  Extractor  
  43  5:03  Extractor  
  43  5:04  Zergling x4  
  44  5:10  Overlord x3  
  44  5:32  Lair  
  44  5:47  Zergling x2  
  44  5:48  Zergling x8  
  49  5:57  Queen  
  51  6:11  Zergling x6  
  51  6:12  Zergling x2  
  55  6:29  Drone  
  55  6:30  Drone x12  
  55  6:31  Drone x3  
  71  6:40  Evolution Chamber  
  71  6:42  Spire  
  69  6:47  Infestation Pit  
  52  7:10  Zergling x2  
  52  7:11  Zergling x10  
  49  7:36  Queen  
  50  7:48  Hive  
  50  8:02  Drone x7  
  50  8:03  Hatchery, Drone x7  
  63  8:08  Baneling x4  
  63  8:09  Baneling x5  
  63  8:10  Overlord, Baneling  
  63  8:13  Centrifical Hooks  
  63  8:23  Queen  
  63  8:26  Queen  
  67  8:40  Unknown  
  67  8:44  Zergling x24  
  79  8:59  Unknown  
  70  9:20  Greater Spire, Unknown  
  70  9:21  Ultralisk Cavern  
  69  9:31  Mutalisk x10  
  77  10:05  Queen  
  79  10:11  Drone  
  79  10:12  Drone x7  
  87  10:14  Overlord x3  
  87  11:04  Ultralisk  
  87  11:05  Ultralisk x3  
  109  11:12  Corruptor  
  99  11:51  Ultralisk x2  
  111  11:57  Overlord x4  
  111  12:19  Zerg Melee Weapons Level 1  
  111  12:21  Chitinous Plating  
  111  12:30  Corruptor x7  
  111  12:31  Corruptor x5  
  135  12:41  Zergling x2  
  135  12:42  Zergling x10  
  141  12:46  Zergling x2  
  141  12:47  Zergling x2  
  141  12:49  Overlord x3  
  143  13:08  Zergling x2  
  143  13:09  Zergling x18  
  153  13:21  Zergling x6  
  140  13:56  Unknown  
  135  14:03  Unknown  
  134  14:17  Zergling x10  
  134  14:18  Zergling x42  
  159  14:27  Brood Lord  
  159  14:28  Brood Lord x3  
  166  14:41  Unknown  
  166  14:48  Unknown  
  164  15:13  Unknown  
  164  15:20  Unknown  
Show
View Real Time Build Order
Export as new Build Order

A.I. 1 (Medium) Zerg 

Build Orders: Pool First 

Get SALT Encoding   

  12  0:00  Drone  
  13  0:12  Overlord  
  13  0:16  Drone  
  14  0:30  Drone  
  14  0:33  Drone  
  16  0:42  Spawning Pool  
  16  0:45  Drone  
  16  0:49  Drone  
  17  0:52  Extractor  
  17  0:55  Drone  
  17  1:05  Overlord  
  17  1:31  Zergling x2, Queen  
  20  1:36  Zergling x2  
  20  1:38  Roach Warren, Drone  
  20  1:39  Extractor  
  20  1:49  Drone  
  21  1:55  Baneling Nest  
  21  1:59  Drone  
  21  2:10  Drone  
  22  2:21  Zergling x2  
  23  2:31  Zergling x2  
  24  2:37  Overlord  
  24  2:38  Zergling x2  
  24  2:44  Zergling x2  
  26  2:49  Zergling x2  
  27  2:55  Zergling x2  
  28  3:01  Baneling x3  
  28  3:05  Zergling x2  
  29  3:10  Overlord, Zergling x2  
  30  3:16  Zergling x2, Baneling  
  31  3:22  Zergling x2, Baneling x2  
  32  3:28  Zergling x2  
  32  3:32  Evolution Chamber  
  32  3:38  Drone  
  33  3:41  Drone  
  33  3:44  Drone  
  33  3:47  Drone  
  36  3:50  Drone  
  37  4:01  Drone  
  38  4:11  Drone  
  39  6:12  Overlord, Roach, Lair  
  39  6:14  Spore Crawler  
  39  6:15  Spore Crawler  
  39  6:16  Drone  
  39  6:17  Evolution Chamber  
  39  6:19  Hatchery, Drone  
  39  6:22  Drone  
  39  6:23  Roach  
  42  6:30  Overlord, Drone  
  43  6:33  Drone  
  43  6:35  Roach  
  46  6:43  Spine Crawler  
  46  6:45  Drone  
  46  6:46  Roach  
  48  6:51  Overlord  
  46  6:58  Roach  
  46  7:00  Spine Crawler  
  46  7:01  Drone  
  43  7:09  Overseer  
  43  7:10  Roach, Queen, Overseer  
  43  7:14  Hydralisk Den  
  46  7:16  Infestation Pit, Drone  
  46  7:19  Spire  
  46  7:20  Drone  
  45  7:31  Drone  
  45  7:34  Drone, Spore Crawler  
  45  7:36  Spore Crawler  
  40  7:38  Zergling x2, Drone  
  40  7:40  Drone  
  43  7:45  Drone  
  43  7:48  Hydralisk  
  43  7:49  Drone  
  47  7:52  Drone  
  47  7:56  Drone  
  49  7:59  Drone  
  49  8:00  Hydralisk  
  49  8:01  Drone  
  49  8:04  Drone  
  54  8:11  Drone  
  55  8:13  Hydralisk  
  55  8:19  Spine Crawler  
  56  8:22  Drone  
  56  8:23  Spine Crawler  
  56  8:24  Hydralisk  
  56  8:25  Drone  
  59  8:27  Drone  
  59  8:30  Drone  
  62  8:34  Drone  
  62  8:37  Drone  
  62  8:40  Queen  
  65  8:44  Drone  
  65  8:47  Drone  
  67  8:52  Overlord  
  67  8:53  Drone  
  68  9:01  Zergling x2  
  52  9:12  Hydralisk  
  54  9:24  Hydralisk  
  50  9:30  Queen  
  49  9:35  Drone, Hydralisk  
  47  9:38  Drone  
  47  9:41  Drone  
  47  9:44  Drone  
  46  9:47  Drone  
  46  9:48  Roach  
  46  9:50  Drone  
  47  9:53  Drone  
  47  9:58  Queen  
  47  9:59  Roach  
  52  10:11  Roach  
  54  10:22  Roach  
  56  10:33  Hydralisk  
  56  10:35  Pneumatized Carapace  
  56  10:36  Overseer  
  56  10:38  Roach  
  56  10:41  Overseer  
  52  10:43  Roach  
  52  10:46  Overlord  
  52  10:48  Zergling x2  
  53  10:50  Hatchery  
  53  10:53  Hydralisk  
  52  10:58  Hydralisk  
  52  10:59  Overseer  
  52  11:03  Zergling x2  
  55  11:08  Mutalisk  
  55  11:12  Overlord  
  55  11:13  Overseer  
  55  11:14  Zergling x2  
  53  11:18  Mutalisk  
  53  11:23  Mutalisk  
  53  11:24  Zerg Melee Weapons Level 1  
  57  11:28  Extractor  
  57  11:29  Zergling x2  
  57  11:31  Overlord  
  57  11:32  Zerg Ground Armor Level 1  
  51  11:33  Extractor  
  51  11:34  Hive, Zergling x2  
  51  11:40  Zergling x2  
  51  11:44  Mutalisk  
  54  11:49  Mutalisk  
  54  11:50  Drone  
  54  11:53  Drone  
  58  11:55  Zergling x2  
  58  11:56  Drone  
  58  11:58  Drone  
  58  11:59  Mutalisk  
  63  12:01  Drone  
  63  12:04  Drone  
  63  12:05  Zergling x2, Baneling x2  
  63  12:07  Drone  
  67  12:10  Zergling x2, Baneling, Drone  
  67  12:11  Overlord  
  67  12:13  Drone  
  70  12:16  Drone  
  70  12:19  Drone  
  70  12:21  Drone  
  73  12:24  Drone  
  73  12:26  Metabolic Boost  
  73  12:27  Drone  
  73  12:29  Baneling  
  75  12:30  Drone  
  75  12:33  Overlord, Drone  
  75  12:36  Drone  
  78  12:39  Drone  
  78  12:42  Drone  
  78  12:43  Centrifical Hooks  
  80  12:45  Viper  
  80  12:47  Burrow  
  83  12:51  Spore Crawler  
  83  12:53  Drone, Spore Crawler  
  83  12:56  Drone  
  83  13:00  Queen  
  85  13:07  Ultralisk Cavern  
  85  13:09  Drone  
  85  13:13  Greater Spire  
  85  13:18  Spine Crawler, Drone, Zerg Missile Weapons Level 1  
  85  13:20  Spine Crawler  
  85  13:21  Drone  
  85  13:33  Extractor  
  84  13:35  Drone  
  84  13:38  Extractor  
  84  13:40  Drone  
  85  13:49  Zergling x2  
  85  13:54  Overlord, Zergling x2  
  75  13:56  Drone, Queen  
  75  13:59  Zergling x2, Drone  
  75  14:02  Drone  
  68  14:04  Zergling x2  
  68  14:05  Drone  
  68  14:08  Drone  
  68  14:09  Zergling x2  
  57  14:11  Drone  
  57  14:14  Zergling x2, Drone  
  52  14:19  Mutalisk  
  52  14:21  Drone x3  
  34  14:25  Zergling x2, Drone x3  
  34  14:29  Zergling x2, Drone  
  29  14:32  Drone  
  29  14:36  Hydralisk  
  29  14:37  Drone  
  19  14:43  Roach  
  16  14:50  Zergling x2  
Tags
 
Composition
Muta Ling Bane
League
Silver
Matchup
ZvZ
Race
Zerg
Replay Pack
Pack 1
Spawn Locations
Cross Positions
Add a new tag
Caveats
  • Supply blocks, unpowered buildings, or Contaminate may cause inaccurate times.
  • Supply counts are checked every 10 seconds.